Map: Abyssal Reef LE

Players

HeRoMaRinE - Winner!

  • Race: Terran Terran
  • Spawn Location: 5:00

Snute

  • Race: Zerg Zerg
  • Spawn Location: 11:00

Event: IEM XI Katowice - World Championship 2017

VOD

Have the link to the VOD?

Description

Time

  • Played on: March 2, 2017, 7:11 a.m.
  • Length: 5:40

All games in this series

Show
View Real Time Build Order
Export as new Build Order

HeRoMaRinE Terran - Winner!

Build Orders: Hellion Banshee 

Get SALT Encoding   

  12  0:00  SCV  
  13  0:13  SCV  
  14  0:17  Supply Depot  
  14  0:25  SCV  
  15  0:38  SCV  
  15  0:39  Barracks  
  16  0:43  Refinery  
  16  0:50  SCV  
  17  1:03  SCV  
  18  1:15  SCV  
  19  1:27  Marine, Orbital Command  
  20  1:40  Command Center  
  20  1:45  Marine  
  21  1:54  Factory  
  21  1:58  SCV  
  22  2:06  Barracks Reactor  
  22  2:08  Supply Depot  
  22  2:10  SCV  
  23  2:15  Refinery  
  23  2:30  SCV  
  24  2:42  SCV  
  24  2:43  Starport  
  25  2:46  Hellion x2  
  29  2:53  Orbital Command  
  29  2:54  Marine  
  29  2:56  SCV  
  31  3:07  Hellion x2  
  31  3:12  Marine  
  36  3:21  Medivac  
  36  3:24  Armory  
  38  3:30  SCV x2  
  38  3:33  Hellion  
  40  3:39  Hellion  
  40  3:41  Barracks Tech Lab  
  42  3:48  Supply Depot  
  42  3:49  SCV  
  42  3:51  SCV  
  44  3:58  Hellion  
  46  4:04  Cloaking Field  
  48  4:10  Hellion  
  48  4:12  Banshee  
  48  4:15  SCV  
  52  4:17  SCV  
  53  4:28  Hellion  
  53  4:29  SCV x2  
  59  4:31  Hellion  
  59  4:38  Supply Depot  
  57  4:41  SCV x2  
  54  4:49  Hellion  
  56  4:53  Hellion, SCV x2  
  60  5:05  SCV  
  60  5:06  SCV  
  56  5:14  Marine  
  56  5:15  Hellion x2  
  56  5:18  SCV x2  
  62  5:35  Barracks Tech Lab  
Show
View Real Time Build Order
Export as new Build Order

Snute Zerg 

Build Orders: Hatch First 

Get SALT Encoding   

  12  0:00  Drone  
  13  0:12  Overlord  
  13  0:17  Drone  
  14  0:30  Drone x2  
  14  0:34  Drone  
  17  0:52  Hatchery  
  17  0:54  Drone  
  17  0:58  Drone  
  17  1:03  Extractor  
  17  1:14  Spawning Pool  
  17  1:16  Drone  
  17  1:20  Drone  
  18  1:28  Drone  
  19  1:38  Overlord  
  19  1:49  Drone  
  20  2:00  Queen, Drone  
  23  2:04  Metabolic Boost  
  23  2:05  Queen  
  23  2:07  Zergling x2  
  26  2:11  Zergling x2  
  27  2:17  Overlord  
  27  2:21  Drone  
  28  2:27  Overlord  
  28  2:35  Drone  
  29  2:37  Drone  
  30  2:47  Drone x2  
  30  2:50  Hatchery  
  31  2:53  Drone  
  32  2:59  Drone  
  32  3:04  Drone  
  34  3:10  Drone x3  
  34  3:11  Drone  
  38  3:13  Drone x2  
  38  3:14  Overlord  
  40  3:20  Queen  
  40  3:24  Overlord  
  40  3:26  Drone  
  43  3:31  Drone  
  43  3:33  Drone  
  43  3:35  Queen  
  43  3:38  Zergling x2  
  43  3:39  Zergling x2  
  47  3:44  Zergling x4  
  47  3:45  Drone x2  
  47  3:47  Drone  
  52  3:50  Overlord  
  52  3:53  Drone  
  53  3:58  Baneling Nest  
  53  4:00  Queen  
  54  4:05  Queen  
  54  4:07  Zergling x2  
  57  4:12  Drone x3  
  57  4:17  Drone x3  
  61  4:21  Zergling x2  
  61  4:22  Zergling x4  
  65  4:31  Zergling x8  
  62  4:37  Zergling x2  
  62  4:38  Zergling x2  
  59  4:42  Zergling x8  
  55  4:48  Zergling x4  
  55  4:49  Zergling x6  
  53  4:54  Zergling x6  
  56  5:03  Zergling x2  
  56  5:04  Zergling x4  
  46  5:15  Zergling x6  
  46  5:17  Zergling x2  

Tags
 
Add a new tag
Caveats
  • Supply blocks, unpowered buildings, or Contaminate may cause inaccurate times.
  • Supply counts are checked every 10 seconds.